 Dungeon Crawl Stone Soup version 0.31-a0-596-g831eee08f1 (webtiles) character file.

Game seed: 6859083837714105910

10227 Sabo the Basher (level 11, -12/84 HPs)
             Began as a Demonspawn Fighter on Aug 19, 2023.
             Was a Priest of Qazlal.
             Mangled by Gastronok (18 damage)
             ... on level 11 of the Dungeon on Aug 20, 2023.
             The game lasted 01:04:20 (12252 turns).

Sabo the Basher (Demonspawn Fighter)               Turns: 12252, Time: 01:04:20

Health: -12/84     AC: 23    Str: 26    XL:     11   Next: 33%
Magic:  11/11      EV:  4    Int: 10    God:    Qazlal [***...]
Gold:   887        SH: 18    Dex: 13    Spells: 10/10 levels left

rFire   + . .        S - +4 scimitar (flame)
rCold   + . .        M - +0 tower shield
rNeg    . . .        C - +0 gold dragon scales
rPois   +            P - +2 helmet
rElec   .            l - +0 cloak
rCorr   .            (no gloves)
SInv    +            (boots unavailable)
Will    .....        n - amulet of the acrobat Stlth
                     m - +6 ring of strength
HPRegen 0.34/turn    k - ring of see invisible
MPRegen 0.12/turn

%: acrobat
@: no status effects
A: hooves 3, thin metallic scales 2, powered by death 1, spiny 2
a: Renounce Religion, Upheaval, Elemental Force


You were on level 11 of the Dungeon.
You worshipped Qazlal.
Qazlal was most pleased with you.
You visited 2 branches of the dungeon, and saw 12 of its levels.
You also visited: Bailey.

You collected 1601 gold pieces.
You spent 714 gold pieces at shops.

Inventory:

Hand Weapons
 a - a +0 war axe
 s - a +3 trident of draining
 x - a +4 mace
 F - a +2 shortbow of draining
 J - a +2 short sword of electrocution
 S - a +4 scimitar of flaming (weapon)
Missiles
 c - 8 datura-tipped darts
 d - 33 poisoned darts (quivered)
 e - 6 curare-tipped darts
 w - 20 boomerangs
 y - 5 throwing nets
 T - 5 atropa-tipped darts
Armour
 l - a +0 cloak (worn)
 C - +0 gold dragon scales (worn)
 E - an orb of mayhem
 M - a +0 tower shield (worn)
 P - a +2 helmet (worn)
Jewellery
 k - a ring of see invisible (right hand)
 m - a +6 ring of strength (left hand)
 n - an amulet of the acrobat (around neck)
 u - a ring of fire
 z - a ring of poison resistance
 O - the ring of Past Mistakes {Will- Str+3 Int+3 Dex+6}
   (You found it on level 9 of the Dungeon)

   [ring of dexterity]

   Str+3:     It affects your strength (+3).
   Int+3:     It affects your intelligence (+3).
   Dex+6:     It affects your dexterity (+6).
   Will-:     It decreases your willpower.
Talismans
 B - a serpent talisman
 L - a maw talisman
Wands
 g - a wand of paralysis (2)
 H - a wand of iceblast (10)
 I - a wand of polymorph (6)
 N - a wand of mindburst (10)
Scrolls
 j - a scroll of silence
 r - 3 scrolls of fog
 A - 2 scrolls of poison
 D - a scroll of enchant weapon
Potions
 b - 4 potions of degeneration {unknown}
 f - a potion of resistance {unknown}
 h - 2 potions of brilliance {unknown}
 i - 3 potions of lignification {unknown}
 o - 4 potions of curing {unknown}
 p - a potion of mutation {unknown}
 q - 2 potions of berserk rage {unknown}
 t - 4 potions of haste {unknown}
 v - 3 potions of enlightenment {unknown}
 G - a potion of magic {unknown}
 K - 3 potions of attraction {unknown}
 Q - 3 potions of might
 U - a potion of experience {unknown}
Miscellaneous
 R - a condenser vane (inert)


   Skills:
 + Level 7.1 Fighting
 + Level 6.6(8.5) Axes
 + Level 8.3(9.3) Maces & Flails
 + Level 1.9 Throwing
 + Level 7.8 Armour
 + Level 3.8 Dodging
 + Level 2.4 Stealth
 + Level 7.3 Shields


You had 10 spell levels left.
You didn't know any spells.
Your spell library contained the following spells:

 Spells                   Type           Power      Damage    Failure   Level
 Magic Dart               Conj           0%         1d3       100%        1
 Cigotuvi's Dreadful Rot  Necr/Pois/Air  0%         N/A       100%        2
 Lesser Beckoning         Tloc           0%         N/A       100%        2
 Searing Ray              Conj           0%         2d4       100%        2
 Sublimation of Blood     Necr           0%         N/A       100%        2
 Frozen Ramparts          Ice            0%         1d1       100%        3
 Gell's Gravitas          Tloc           0%         N/A       100%        3
 Ignite Poison            Fire/Tmut/Pois 0%         N/A       100%        3
 Teleport Other           Tloc           0%         N/A       100%        3
 Animate Dead             Necr           0%         N/A       100%        4
 Fulminant Prism          Conj/Hex       0%         3d5       100%        4
 Petrify                  Tmut/Erth      0%         N/A       100%        4
 Borgnjor's Vile Clutch   Necr/Erth      0%         N/A       100%        5
 Freezing Cloud           Conj/Ice/Air   0%         6-21      100%        5
 Irradiate                Conj/Tmut      0%         3d11      100%        5
 Metabolic Englaciation   Hex/Ice        0%         N/A       100%        5
 Summon Forest            Summ/Tloc      0%         N/A       100%        5
 Summon Mana Viper        Hex/Summ       0%         N/A       100%        5
 Death Channel            Necr           0%         N/A       100%        6
 Summon Cactus Giant      Summ           0%         N/A       100%        6


Dungeon Overview and Level Annotations

Branches:
Dungeon (11/15)            Temple (1/1) D:4            Lair (0/5) D:11
    Orc (0/2) D:10         Bailey (visited)

Altars:
Ashenzari
Cheibriados
Dithmenos
Fedhas
Gozag
Hepliaklqana
Kikubaaqudgha
Makhleb
Nemelex Xobeh
Okawaru
Qazlal
Ru
Sif Muna
Trog
Uskayaw
Vehumet
Wu Jian
Xom
Yredelemnul

Shops:
D:3 [   D:7 *   D:11 *

Annotations:
D:11 Gastronok


Innate Abilities, Weirdness & Mutations

You have hooves in place of feet.
You are mostly covered in thin metallic scales. (AC +3)
You regenerate a little health from kills.
You are mostly covered in sharp spines.


Message History

You hit Gastronok. You burn Gastronok.
Gastronok is heavily wounded.
You block the rat's attack. You block the river rat's attack.
You block Gastronok's attack.
The boulder beetle leaps!
The river rat bites you but does no damage.
The rat is struck by your spines.
You kill the rat!
The rat's corpse disappears in a puff of smoke!
You hit Gastronok. You burn Gastronok. You kick Gastronok!
Gastronok is severely wounded.
You block the river rat's attack.
Gastronok gurgles.
Gastronok's eyestalks stretch out, then return to normal size.
The boulder beetle bites you but does no damage.
You hit Gastronok but do no damage. You kick Gastronok, but do no damage.
Gastronok is severely wounded.
The river rat is struck by your spines.
You kill the river rat!
The river rat's corpse disappears in a puff of smoke!
You block the boulder beetle's attack.
Gastronok waves his eye-stalks in wide circles.
The air twists around and strikes you!!
The boulder beetle is struck by your spines.
The boulder beetle bites you but does no damage.
You slash Gastronok! You burn Gastronok. You kick Gastronok.
Gastronok is severely wounded.
The boulder beetle bites you. Gastronok bites you!
* * * LOW HITPOINT WARNING * * *
Clouds condense from the air!
The condenser dries out!
You block the boulder beetle's attack.
The boulder beetle attacks as it pursues you!
You block the boulder beetle's attack. Gastronok is struck by your spines.
Gastronok bites you!
* * * LOW HITPOINT WARNING * * *
You hit Gastronok. You burn Gastronok. You kick Gastronok!
Gastronok is almost dead.
You block the boulder beetle's attack.
The boulder beetle leaps!
Gastronok bites you!!
You die...
Gastronok gurgles, "Time to dig in!"

#..... ### #####...# ###.### #..
........# ......# #..# #.#
######..# #.....####..# #.# #..#
.........#..###.###### #..#
..#...##.#..#..§§....# #..#
#.............§.§....# #..#
..#.#.#####.#.§○w§...# #..#
...............§@:...## ######..#
............###.##..............#
......................#########.#
................###############.#
.##.#.########..................#
.##.#.# #.####.#############
.##.#.# #.........# .#....#
#.##.#..#.# .##.#.# ........#.#


You could see Gastronok.

Vanquished Creatures
  Harold (D:9)
  Erica (D:11)
  A two-headed ogre (D:9)
  A deep elf pyromancer (D:11)
  Maggie (D:7)
  Jeremiah (D:7)
  3 trolls
  Grinder (D:3)
  3 hornets
  Sigmund (D:3)
  A shadow (D:10)
  A steam dragon (D:9)
  8 yaks
  3 water moccasins
  6 black bears
  2 ice beasts (D:7)
  5 orc warriors
  4 ogres
  2 sky beasts
  5 centaurs
  2 bullfrogs (D:11)
  7 kobold brigands
  4 scorpions
  A gnoll sergeant (D:11)
  3 killer bees (D:10)
  4 howler monkeys
  2 hounds
  A jelly (D:5)
  8 orc priests
  A gnoll bouda (D:7)
  An iguana (D:6)
  Jessica (D:2)
  Terence (D:3)
  9 orc wizards
  7 adders
  6 gnolls
  2 shadow imps (D:7)
  A white imp (D:7)
  10 worms
  A dart slug (D:3)
  26 orcs
  5 bats
  8 endoplasms
  5 giant cockroaches
  4 goblins
  5 hobgoblins
  A jackal (D:1)
  3 quokkas
  4 ball pythons
  A frilled lizard (D:1)
  22 kobolds
  4 rats
211 creatures vanquished.

Vanquished Creatures (others)
  An orc wizard (D:9)
1 creature vanquished.

Grand Total: 212 creatures vanquished

Notes
Turn   | Place    | Note
-------+----------+-------------------------------------------
     0 | D:1      | Sabo the Demonspawn Fighter began the quest for the Orb.
     0 | D:1      | Reached XP level 1. HP: 18/18 MP: 1/1
     0 | D:1      | Noticed a green draconian
     0 | D:1      | Noticed a tentacled monstrosity
     1 | D:1      | Noticed a tentacled monstrosity
     3 | D:1      | Noticed a shadow dragon
     5 | D:1      | Noticed a large abomination
     6 | D:1      | Noticed a large abomination
     8 | D:1      | Noticed an orb of fire
    10 | D:1      | Noticed an iron dragon
    10 | D:1      | Noticed an ice dragon
    12 | D:1      | Noticed a shadow dragon
    12 | D:1      | Noticed an iron dragon
    14 | D:1      | Noticed an ice dragon
    16 | D:1      | Noticed a green draconian
    18 | D:1      | Noticed a shadow dragon
    20 | D:1      | Noticed a shadow dragon
    24 | D:1      | Noticed an ice dragon
   215 | D:1      | Gained mutation: You have large cloven feet. [demonic
                  | ancestry]
   215 | D:1      | Reached XP level 2. HP: 20/24 MP: 2/2
   826 | D:2      | Gained mutation: You are partially covered in thin metallic
                  | scales. (AC +2) [demonic ancestry]
   826 | D:2      | Reached XP level 3. HP: 24/29 MP: 3/3
  1340 | D:2      | Noticed Jessica
  1349 | D:2      | Killed Jessica
  1350 | D:2      | Gained mutation: You are mostly covered in thin metallic
                  | scales. (AC +3) [demonic ancestry]
  1350 | D:2      | Reached XP level 4. HP: 25/35 MP: 4/4
  1625 | D:3      | Noticed Grinder
  1627 | D:3      | Paralysed by Grinder for 5 turns
  1637 | D:3      | Killed Grinder
  1638 | D:3      | Gained mutation: You regenerate a little health from kills.
                  | [demonic ancestry]
  1638 | D:3      | Reached XP level 5. HP: 33/42 MP: 5/5
  1638 | D:3      | Gained mutation: You are partially covered in sharp spines.
                  | [demonic ancestry]
  1638 | D:3      | Reached XP level 6. HP: 38/48 MP: 6/6
  1883 | D:3      | Found Suash's Antique Armour Shoppe.
  1906 | D:3      | Noticed Sigmund
  1915 | D:3      | Killed Sigmund
  1916 | D:3      | Reached skill level 1 in Dodging
  2410 | D:3      | Noticed Terence
  2414 | D:3      | Killed Terence
  2415 | D:3      | Reached skill level 5 in Axes
  2415 | D:3      | Reached XP level 7. HP: 54/54 MP: 7/7
  2965 | D:4      | Found a staircase to the Ecumenical Temple.
  2980 | Temple   | Entered the Ecumenical Temple
  3049 | Temple   | Became a worshipper of Qazlal Stormbringer
  3615 | D:5      | Entered Level 5 of the Dungeon
  3967 | D:5      | Reached skill level 1 in Maces & Flails
  4308 | D:6      | Reached skill level 2 in Maces & Flails
  4540 | D:6      | Reached XP level 8. HP: 57/61 MP: 8/8
  5228 | D:7      | Found Zuusoele's General Store.
  5237 | D:7      | Bought a scroll of identify for 24 gold pieces
  5237 | D:7      | Bought a scroll of enchant armour for 90 gold pieces
  5247 | D:7      | Noticed Jeremiah
  5259 | D:7      | Reached skill level 5 in Fighting
  5503 | D:7      | Paralysed by a gnoll bouda for 3 turns
  5729 | D:7      | Reached skill level 3 in Maces & Flails
  5858 | D:7      | Reached skill level 5 in Armour
  5984 | D:7      | Reached skill level 1 in Stealth
  6346 | D:7      | Reached * piety under Qazlal
  6347 | D:7      | Reached skill level 4 in Maces & Flails
  6595 | D:7      | Killed Jeremiah
  6596 | D:7      | Gained mutation: You have hoof-like feet. [demonic
                  | ancestry]
  6596 | D:7      | Reached XP level 9. HP: 37/68 MP: 9/9
  7093 | D:7      | Noticed Maggie
  7106 | D:7      | Killed Maggie
  7107 | D:7      | Reached skill level 5 in Maces & Flails
  7107 | D:7      | Reached skill level 1 in Throwing
  7667 | D:8      | Reached skill level 6 in Maces & Flails
  7796 | D:8      | Found a bloodstained altar of Trog.
  8262 | D:9      | Noticed a troll
  8275 | D:9      | Killed a troll
  8276 | D:9      | Gained mutation: You are mostly covered in sharp spines.
                  | [demonic ancestry]
  8276 | D:9      | Reached XP level 10. HP: 45/76 MP: 10/10
  8307 | D:9      | Found a shimmering altar of Xom.
  8474 | D:9      | Identified the ring of Past Mistakes {Will- Str+3 Int+3
                  | Dex+6}
  8481 | D:9      | Noticed a two-headed ogre
  8484 | D:9      | Reached ** piety under Qazlal
  8495 | D:9      | Killed a two-headed ogre
  8496 | D:9      | Reached skill level 7 in Maces & Flails
  8550 | D:9      | Found a flagged portal.
  8568 | Bailey   | Entered a bailey
  8569 | Bailey   | Upgraded the game from 0.31-a0-590-g8a5a4361df to
                  | 0.31-a0-596-g831eee08f1
  8688 | Bailey   | Reached skill level 5 in Shields
  9013 | Bailey   | Found a burning altar of Makhleb.
  9364 | D:9      | Noticed Harold
  9379 | D:9      | Killed Harold
  9696 | D:9      | Found a shimmering blue altar of Sif Muna.
  9796 | D:10     | Entered Level 10 of the Dungeon
  9836 | D:10     | Found a staircase to the Orcish Mines.
  9976 | D:10     | Found a basalt altar of Yredelemnul.
 10905 | D:11     | Noticed a deep elf pyromancer
 10909 | D:11     | Gained mutation: You have hooves in place of feet. [demonic
                  | ancestry]
 10909 | D:11     | Reached XP level 11. HP: 74/83 MP: 11/11
 11133 | D:11     | Reached skill level 8 in Maces & Flails
 11210 | D:11     | Reached *** piety under Qazlal
 11402 | D:11     | Found Wudeotul's Gadget Gallery.
 11413 | D:11     | Bought a condenser vane for 600 gold pieces
 11717 | D:11     | Killed a deep elf pyromancer
 11846 | D:11     | Noticed Erica
 11880 | D:11     | Killed Erica
 11987 | D:11     | Found a staircase to the Lair.
 12236 | D:11     | Noticed Gastronok
 12236 | D:11     | Noticed a boulder beetle
 12252 | D:11     | Mangled by Gastronok

Illustrated notes

Levels and vault maps discovered:
D:1:      shiori_arrival_whats_in_store_for_you, layout_rooms, minmay_cupped
D:2:      layout_rooms, minmay_tromino_mix6, uniq_jessica
D:3:      layout_loops_ring, serial_shops, shop, uniq_terence, uniq_sigmund,
          uniq_grinder
D:4:      nicolae_BIG_FREAKIN_CUBE, layout_loops_corners,
          minmay_temple_entry_arrows
D:5:      layout_basic, nicolae_wormholes
D:6:      layout_loops_ring, mainiacjoe_overflow_concentric_impassable
D:7:      layout_basic, nicolae_tso_swordbearing_angel, serial_shops,
          shop_statue, uniq_jeremiah, uniq_maggie
D:8:      layout_basic, trog_three_pillars_becter
D:9:      layout_long_grid, tgw_sif, brannock_xom_greatest_gift, enter_bailey_2,
          uniq_harold
D:10:     layout_cave_pods, kennysheep_mini, minmay_orc_entry_temple_small
D:11:     layout_basic, due_lair_maze_entry_diamond, serial_rivers,
          chequers_serial_rivers_room_a, chequers_serial_rivers_micro_b,
          chequers_serial_rivers_room_b, chequers_serial_rivers_micro_b,
          nicolae_shop_gadgets, uniq_gastronok, uniq_erica
Temple:   lightli_temple_of_artemis

Skill      XL: |  1  2  3  4  5  6  7  8  9 10 11 |
---------------+----------------------------------+-----
Axes           | 2 3 4 5 6 |  6.6
Armour         | 3 4 5 6 7 |  7.8
Shields        | 3 4 6 7 |  7.3
Fighting       | 4 5 6 7 |  7.1
Dodging        | 1 2 3 |  3.8
Maces & Flails | 2 4 6 7 8 |  8.3
Stealth        | 1 2 |  2.4
Throwing       | 1 |  1.9

Action                     |  1- 3 |  4- 6 |  7- 9 | 10-12 || total
---------------------------+-------+-------+-------+-------++-------
  Melee: War axe           |    72 |    24 |    64 |       ||   160
         Kick              |     5 |     9 |    75 |    89 ||   178
         Mace              |       |     9 |   233 |   229 ||   471
         Scimitar          |       |       |       |     9 ||     9
  Throw: Dart              |       |       |    10 |       ||    10
  Evoke: Condenser vane    |       |       |       |     1 ||     1
    Use: Scroll            |     3 |     1 |    10 |     2 ||    16
         Potion            |       |     1 |     5 |       ||     6
 Armour: Scale mail        |    12 |     2 |    98 |    31 ||   143
         Ring mail         |    23 |    18 |       |       ||    41
         Gold dragon scale |       |       |       |   117 ||   117
  Dodge: Dodged            |    31 |     9 |   109 |    78 ||   227
  Block: Buckler           |    14 |     6 |    74 |     1 ||    95
         Tower shield      |       |       |       |   289 ||   289

Table legend: (Time is in decaauts)
 A = Elapsed time spent in this place.
 B = Non-inter-level travel time spent in this place.
 C = Inter-level travel time spent in this place.
 D = Time resting spent in this place.
 E = Time spent auto-exploring this place.
 F = Levels seen in this place.
 G = Mean time per level.
                   A        B        C        D        E       F      G
               +--------+--------+--------+--------+--------+-----+--------+
         Total |  12426 |  12426 |      0 |   2242 |      0 |  13 |  955.8 |
       Dungeon |  11830 |  11830 |      0 |   2028 |      0 |  11 | 1075.5 |
        Temple |     88 |     88 |      0 |      0 |      0 |   1 |   88.0 |
        Bailey |    507 |    507 |      0 |    214 |      0 |   1 |  507.0 |
               +--------+--------+--------+--------+--------+-----+--------+

Top non-repeatable levels by time:
     D:7: 2471 daAuts
    D:11: 1340 daAuts
    D:10: 1178 daAuts
     D:9: 1055 daAuts
     D:4: 1006 daAuts
     D:6: 983 daAuts
     D:2: 931 daAuts
     D:3: 929 daAuts
     D:1: 699 daAuts
     D:8: 658 daAuts
     D:5: 575 daAuts
  Bailey: 507 daAuts
  Temple: 88 daAuts
